 Dungeon Crawl Stone Soup version 0.30-a0-137-gd8773701ce (webtiles) character file.

Game seed: 11386178807610137632

4433 billz999 the Fighter (level 10, -5/88 HPs)
             Began as a Human Berserker on Sept 22, 2022.
             Was an Elder of Trog.
             Slain by an orc warlord
             ... wielding a +9 broad axe
              (25 damage)
             ... in a bailey.
             The game lasted 00:12:43 (7495 turns).

billz999 the Fighter (Human Berserker)              Turns: 7495, Time: 00:12:44

Health: -5/88      AC: 15    Str: 22    XL:     10   Next: 62%
Magic:  10/10      EV: 15    Int: 11    God:    Trog [****..]
Gold:   358        SH:  0    Dex: 14    Spells: 9/9 levels left

rFire   . . .      SeeInvis .    z - +0 battleaxe (venom)
rCold   . . .      Faith    .    (shield currently unavailable)
rNeg    + . .      Spirit   .    I - +3 ring mail of Xojerera {+Inv rN+ Int+3 Dex+2}
rPois   .          Reflect  .    o - +0 hat {Will+}
rElec   .          Harm     .    (no cloak)
rCorr   .          Rampage  .    F - +1 pair of gloves
Will    +....                    r - +0 pair of boots
Stlth   +.........               (no amulet)
HPRegen 0.24/turn                f - +4 ring of protection
MPRegen 0.12/turn                q - +4 ring of evasion

@: on berserk cooldown, slowed, very slow
A: no striking features
a: Renounce Religion, Evoke Invisibility, Berserk, Trog's Hand, Brothers in Arms


You were in a bailey.
You worshipped Trog.
Trog was greatly pleased with you.
You visited 1 branch of the dungeon, and saw 8 of its levels.
You also visited: Sewer and Bailey.

You collected 475 gold pieces.
You spent 117 gold pieces at shops.

Inventory:

Hand Weapons
 z - a +0 battleaxe of venom (weapon)
Armour
 o - a +0 hat of willpower (worn)
 r - a +0 pair of boots (worn)
 F - a +1 pair of gloves (worn)
 I - the +3 ring mail of Xojerera (worn) {+Inv rN+ Int+3 Dex+2}
   (You found it in a sewer)

   Int:       It affects your intelligence (+3).
   Dex:       It affects your dexterity (+2).
   rN:        It protects you from negative energy.
   +Inv:      It lets you turn invisible.
Jewellery
 f - a +4 ring of protection (left hand)
 q - a +4 ring of evasion (right hand)
Wands
 p - a wand of polymorph (11)
 J - a wand of mindburst (6)
Scrolls
 a - 2 scrolls of butterflies
 b - a scroll of blinking
 c - 4 scrolls of enchant armour
 d - 4 scrolls of amnesia
 e - a scroll of summoning
 h - 3 scrolls of identify
 i - 2 scrolls of magic mapping
 j - 4 scrolls of teleportation
 n - a scroll of noise
 y - 2 scrolls of vulnerability
 A - a scroll of torment
Potions
 g - 2 potions of curing {unknown}
 k - 4 potions of might {unknown}
 l - a potion of resistance {unknown}
 m - a potion of magic {unknown}
 s - a potion of brilliance {unknown}
 t - a potion of attraction {unknown}
 u - a potion of invisibility {unknown}
 v - a potion of degeneration {unknown}
 w - 4 potions of lignification {unknown}
 B - 4 potions of heal wounds {unknown}
 E - a potion of cancellation {unknown}
 G - 2 potions of haste {unknown}
 H - 4 potions of flight


   Skills:
 * Level 11.3 Fighting
 + Level 10.5 Axes
 - Level 2.0 Armour
 - Level 2.0 Dodging


You had 9 spell levels left.
You didn't know any spells.
Your spell library was empty.

Dungeon Overview and Level Annotations

Branches:
Dungeon (8/15)             Temple (0/1) D:7           Sewer (visited)
 Bailey (1/1)
   Lair: D:8-11

Altars:
Ru

Shops:
D:2 *   D:7 (


Message History

The goblin closely misses you.
The orc warlord roars a battlecry!
The orcs go into a battle-frenzy!
You barely miss the orc knight. You completely miss the goblin.
You hit the orc warlord.
The orc warlord is poisoned.
The goblin misses you.
The orc warlord hits you with a +9 broad axe!!!
The orc knight roars a battlecry!
The orc warlord goes into a battle-frenzy!
You slash the orc warlord!
The orc warlord looks as sick as possible!
The orc warlord is lightly wounded.
You barely miss the orc knight. You hit the goblin.
You kill the goblin!
Trog accepts your kill.
The orc warlord hits you with a +9 broad axe!
The orc knight hits you with a +0 battleaxe!
You slash the orc warlord!
The orc warlord looks as sick as possible!
The orc warlord is moderately wounded.
You barely miss the orc knight. You slash the goblin!
You kill the goblin!
Trog accepts your kill.
The orc warlord hits you with a +9 broad axe!!
* * * LOW HITPOINT WARNING * * *
The orc knight barely misses you.
You slice the orc warlord!!
The orc warlord looks as sick as possible!
The orc warlord is heavily wounded.
You hit the orc knight. You barely miss the goblin.
Unknown command.
You feel a strong urge to attack something.
You feel your anger nearly subside.
You are no longer berserk.
You are exhausted.
You feel yourself slow down.
Aiming: Mindburst
Press: ? - help, Shift-Dir - straight line, f - orc warlord
Aim: an orc warlord, wielding a +9 broad axe and wearing a +0 chain mail (heavily wounded, strong, extremely poisoned, chance to affect: 29%)
The orc warlord easily resists.
The orc warlord hits you with a +9 broad axe!!
You die...

####### ##..∩..## #.......#
##.......## #.........#
##.........##
#######.....⌠.....#######
##.....##........)##.....##
#.......))...@...)'.......#
##.......##...o...##.......##
#.........#.......#.........#
##.........##88o88##.........##
#.....⌠.....###g###.....⌠.....#
##.........###))o###.........##
#.........#.......#.........#
##.......##.......##.......##
#.......#.........#.......#


You could see an orc warlord (strong, extremely poisoned), an orc knight
(strong), an orc warrior (strong) and a goblin.

Vanquished Creatures
  Gastronok (D:8)
  Maggie (D:6)
  A water moccasin (D:7)
  2 ice beasts
  A sky beast (D:6)
  4 black bears
  8 orc warriors (Bailey)
  A centaur (D:6)
  2 bullfrogs (D:7)
  2 scorpions
  2 necrophages
  6 killer bees (D:6)
  2 howler monkeys
  A gnoll bouda (D:7)
  2 orc priests
  3 hounds
  5 iguanas
  A merfolk siren (Sewer)
  3 orc wizards
  A merfolk avatar (Sewer)
  18 gnolls
  5 adders
  2 river rats (Sewer)
  2 shadow imps (D:7)
  An ufetubus (D:4)
  2 worms (D:2)
  16 orcs
  9 ball pythons
  6 endoplasms
  7 giant cockroaches
  25 goblins
  14 hobgoblins
  11 jackals
  8 kobolds
  8 quokkas
  2 bats
  8 frilled lizards
  23 rats
216 creatures vanquished.

Vanquished Creatures (others)
  A plant (D:8)
1 creature vanquished.

Grand Total: 217 creatures vanquished

Notes
Turn   | Place    | Note
-------+----------+-------------------------------------------
     0 | D:1      | billz999 the Human Berserker began the quest for the Orb.
     0 | D:1      | Reached XP level 1. HP: 18/18 MP: 1/1
   125 | D:1      | Reached XP level 2. HP: 24/24 MP: 2/2
   621 | D:1      | Reached XP level 3. HP: 29/29 MP: 3/3
   960 | D:2      | Found a faded altar of an unknown god.
  1121 | D:2      | Found Maopoh's Assorted Antiques.
  1233 | D:2      | Reached XP level 4. HP: 35/35 MP: 4/4
  1816 | D:3      | Reached skill level 5 in Axes
  2163 | D:3      | Reached ** piety under Trog
  2626 | D:4      | Reached XP level 5. HP: 36/41 MP: 5/5
  3734 | D:2      | Bought a battleaxe for 117 gold pieces
  3878 | D:4      | Reached XP level 6. HP: 44/47 MP: 6/6
  3996 | D:5      | Entered Level 5 of the Dungeon
  4018 | D:5      | Noticed an ice beast
  4033 | D:5      | Killed an ice beast
  4239 | D:5      | Reached XP level 7. HP: 52/52 MP: 7/7
  4442 | D:5      | Reached skill level 4 in Fighting
  4737 | D:6      | Reached skill level 5 in Fighting
  4886 | D:6      | Reached XP level 8. HP: 62/62 MP: 8/8
  5012 | D:6      | Reached skill level 6 in Fighting
  5083 | D:6      | Noticed Maggie
  5094 | D:6      | Killed Maggie
  5095 | D:6      | Reached skill level 7 in Fighting
  5102 | D:6      | Found a glowing drain.
  5116 | Sewer    | Entered a sewer
  5448 | Sewer    | Reached XP level 9. HP: 72/72 MP: 9/9
  5449 | Sewer    | Reached *** piety under Trog
  5518 | Sewer    | Identified the +3 ring mail of Xojerera {+Inv rN+ Int+3
                  | Dex+2}
  5683 | D:6      | Found a sacrificial altar of Ru.
  5790 | D:6      | Reached skill level 8 in Fighting
  6315 | D:7      | Found a staircase to the Ecumenical Temple.
  6341 | D:7      | Reached skill level 9 in Fighting
  6591 | D:7      | Found Wiagguc's Weapon Boutique.
  7007 | D:8      | Noticed Gastronok
  7022 | D:8      | Killed Gastronok
  7023 | D:8      | Reached skill level 10 in Fighting
  7023 | D:8      | Reached skill level 10 in Axes
  7023 | D:8      | Reached XP level 10. HP: 86/86 MP: 10/10
  7046 | D:8      | Found a flagged portal.
  7052 | Bailey   | Entered a bailey
  7111 | Bailey   | Reached skill level 11 in Fighting
  7127 | Bailey   | Reached **** piety under Trog
  7480 | Bailey   | Noticed an orc warlord
  7481 | Bailey   | Noticed an orc knight
  7495 | Bailey   | Slain by an orc warlord

Illustrated notes

Levels and vault maps discovered:
D:1:      minmay_arrival_arboretum_large, layout_rooms
D:2:      layout_loops_ring, shapermc_ecumenical_altar_gd, serial_shops, shop,
          minmay_misc_feat_cross, amcnicky_mini_rare_corridor_liquid
D:3:      layout_basic, serial_curves, eino_curves_04, eino_curves_02
D:4:      layout_loops_ring
D:5:      layout_basic
D:6:      layout_basic, hangedman_ru_absence, portal_sewer_entry_f, uniq_maggie
D:7:      layout_rooms, minmay_temple_entry_stoned_glass, serial_shops, shop
D:8:      layout_cave_pools, enter_bailey_3, serial_shops,
          nicolae_shop_hallway_plus, serial_bayou_pond_a, uniq_pikel,
          uniq_gastronok
Bailey:   bailey_axe_minmay_hex_keep, bailey

Skill      XL: |  1  2  3  4  5  6  7  8  9 10 |
---------------+-------------------------------+-----
Axes           | 4 5 6 7 8 10 | 10.5
Fighting       | 5 7 10 11 | 11.3
Armour         | |  2.0
Dodging        | |  2.0

Action                   |  1- 3 |  4- 6 |  7- 9 | 10-12 || total
-------------------------+-------+-------+-------+-------++-------
Melee: Hand axe          |    94 |   145 |       |       ||   239
       Punch             |       |     2 |       |       ||     2
       Battleaxe         |       |    21 |   253 |    87 ||   361
Invok: Berserk           |     4 |     6 |    10 |     1 ||    21
       Trog's Hand       |       |     1 |     6 |       ||     7
Evoke: Wand              |       |       |     4 |     1 ||     5
  Use: Scroll            |       |     7 |     9 |       ||    16
 Stab: Sleeping          |     1 |     2 |       |       ||     3
       Distracted        |       |       |       |     1 ||     1
Armor: Animal skin       |    17 |    25 |       |       ||    42
       Chain mail        |       |    71 |   102 |       ||   173
       Ring mail         |       |       |    62 |    22 ||    84
Dodge: Dodged            |    67 |    91 |   214 |    56 ||   428

Table legend: (Time is in decaauts)
 A = Elapsed time spent in this place.
 B = Non-inter-level travel time spent in this place.
 C = Inter-level travel time spent in this place.
 D = Time resting spent in this place.
 E = Time spent auto-exploring this place.
 F = Levels seen in this place.
 G = Mean time per level.
                   A        B        C        D        E       F      G
               +--------+--------+--------+--------+--------+-----+--------+
         Total |   7817 |   7479 |    338 |    582 |   5561 |  10 |  781.7 |
       Dungeon |   6873 |   6535 |    338 |    529 |   4993 |   8 |  859.1 |
         Sewer |    490 |    490 |      0 |     53 |    243 |   1 |  490.0 |
        Bailey |    454 |    454 |      0 |      0 |    325 |   1 |  454.0 |
               +--------+--------+--------+--------+--------+-----+--------+

Top non-repeatable levels by time:
     D:4: 1428 daAuts
     D:6: 1035 daAuts
     D:7: 923 daAuts
     D:1: 916 daAuts
     D:2: 881 daAuts
     D:3: 873 daAuts
     D:5: 743 daAuts
   Sewer: 490 daAuts
  Bailey: 454 daAuts
     D:8: 69 daAuts
